 Dungeon Crawl Stone Soup version 0.30-a0-799-g109b55a442 (webtiles) character file.

Game seed: 744242912447285909

375 Esekla the Covert (level 6, -1/43 HPs)
             Began as an Octopode Delver on Feb 21, 2023.
             Was an Initiate of Gozag.
             Shot with an arrow by a centaur (6 damage)
             ... on level 5 of the Dungeon.
             The game lasted 00:15:50 (3066 turns).

Esekla the Covert (Octopode Delver)                 Turns: 3066, Time: 00:15:51

Health: -1/43      AC:  1    Str: 11    XL:     6   Next: 73%
Magic:  8/9        EV: 14    Int: 14    God:    Gozag
Gold:   600        SH:  0    Dex: 14    Spells: 8/9 levels left

rFire   . . .      SeeInvis .    a - +0 falchion
rCold   + . .      Faith    .    (no shield)
rNeg    . . .      Spirit   .    (helmet restricted)
rPois   .          Reflect  .    (no amulet)
rElec   .          Harm     .    g - ring of protection from cold
rCorr   .          Rampage  .    (no ring)
Will    .....                    (no ring)
Stlth   +++++                    (no ring)
HPRegen 0.27/turn                (no ring)
MPRegen 0.11/turn                (no ring)
                                 (no ring)
                                 (no ring)

@: gold aura, studying Staves
A: almost no armour, amphibious, 8 rings, camouflage 1, gelatinous body 1,
(nimble swimmer 1), tentacles
a: Renounce Religion, Potion Petition, Call Merchant, Bribe Branch


You were on level 5 of the Dungeon.
You worshipped Gozag.
Gozag was pleased with you.
You visited 1 branch of the dungeon, and saw 5 of its levels.

You collected 625 gold pieces.
You paid 25 gold pieces to Gozag.

Inventory:

Hand Weapons
 a - a +0 falchion (weapon)
 s - a +0 dagger
Missiles
 o - 3 javelins (quivered)
 t - 8 poisoned darts
Jewellery
 g - a ring of protection from cold (left tentacle)
 n - a ring of fire
Wands
 f - a wand of digging (3)
Scrolls
 b - a scroll of fog
 c - 9 scrolls of identify {unknown}
 i - a scroll of enchant armour {unknown}
 l - a scroll of immolation
 m - 3 scrolls of magic mapping
 r - a scroll of poison {unknown}
Potions
 e - a potion of haste
 h - a potion of mutation {unknown}
 j - 4 potions of ambrosia {unknown}
 k - 2 potions of degeneration {unknown}
 p - 3 potions of curing {unknown}
 q - a potion of flight {unknown}


   Skills:
 * Level 3.9 Fighting
 + Level 0.8(2.2) Short Blades
 + Level 3.2 Long Blades
 * Level 3.3 Dodging
 + Level 8.6 Stealth
 * Level 2.0 Spellcasting


You had 8 spell levels left.
You knew the following spells:

 Your Spells              Type           Power      Damage    Failure   Level
p - Apportation           Tloc           2%         N/A       24%         1

Your spell library contained the following spells:

 Spells                   Type           Power      Damage    Failure   Level
 Alistair's Intoxication  Tmut/Pois      0%         N/A       100%        5
 Borgnjor's Vile Clutch   Necr/Erth      0%         N/A       100%        5
 Death Channel            Necr           0%         N/A       100%        6
 Animate Dead             Necr           Unusable   N/A       N/A         4

Dungeon Overview and Level Annotations

Branches:
Dungeon (5/15)
 Temple: D:4-7

Altars:
Cheibriados
Gozag
Hepliaklqana

Annotations:
D:3 phantom


Innate Abilities, Weirdness & Mutations

You cannot wear most types of armour.
You are amphibious.
You can wear up to eight rings at the same time.
Your skin changes colour to match your surroundings (Stealth+).
Your rubbery body absorbs attacks. (AC +1, EV +1)
((You are camouflaged when in or above water. (Stealth+)))
You have tentacles for arms and can constrict up to eight enemies at once.


Message History

The orc wizard is moderately wounded.
You constrict the orc wizard. The orc wizard misses you. The orc misses you.
You hit the orc wizard.
The orc wizard is almost dead.
You constrict the orc wizard.
You kill the orc wizard!
The orc hits you with a +0 hand axe.
Your Spellcasting skill increases to level 2!
The orc attacks as you move away! The orc hits you with a +0 hand axe.
The orc attacks as you move away! The orc hits you with a +0 dagger.
The orc priest hits you with a +0 dagger.
You hit the orc priest. You grab the orc priest.
The orc priest is moderately wounded.
You constrict the orc priest. The orc closely misses you.
The orc priest barely misses you.
You hit the orc priest but do no damage.
You squeeze the orc priest.
The orc priest is severely wounded.
You constrict the orc priest.
The orc priest begins to cast a cantrip, but forgets the words!
You hit the orc priest.
You kill the orc priest!
The orc hits you with a +0 dagger. The orc barely misses you.
The centaur hits you.
* * * LOW HITPOINT WARNING * * *
The centaur misses you.
Okay, then.
Okay, then.
As you read the scroll labelled HYCAGI NESEMOWN, it crumbles to dust.
The creatures around you are filled with an inner flame!
It was a scroll of immolation.
The orc hits you with a +0 dagger.
* * * LOW HITPOINT WARNING * * *
The orc closely misses you. The centaur misses you. x2
The centaur attacks as you move away! The centaur hits you.
* * * LOW HITPOINT WARNING * * *
The centaur kicks you but does no damage.
The centaur wields a +0 shortbow.
The centaur shoots an arrow.
The arrow hits you.
You die...
Your body crumbles into a pile of gold.

### ### ### #.#########.# #.#
#.#.........### #.#############
#.............# #..............
#.#.#######.#.###.#####........
**#.#.#######.#.#..............##
,*#.#.#.......#.#.#.#####.####.##
,*#.#.........oo@...# #....#.##
,*#.###......o#.#.#######.##.#.##
,*#...>######o#c#.# #...#........
,*#.##.#**##o.#.#.###...#.##....#
,,..##...........<......'........
,....#...###..#######...#.#####.#
.....##,,.#..##,P~**#####.......#
.....#**,,..#*,,P~.** #.#######
####..,,,.).*,,,D.~P#########P.PP


You could see a centaur (inner flame) and 3 orcs.

Vanquished Creatures
  A black bear (D:4)
  A scorpion (D:4)
  A jelly (D:4)
  An orc priest (D:5)
  A hound (D:5)
  An orc wizard (D:5)
  5 adders
  2 worms
  2 dart slugs (D:1)
  7 orcs
  3 bats
  4 endoplasms
  A giant cockroach (D:4)
  8 goblins
  7 hobgoblins
  2 jackals (D:5)
  7 kobolds
  2 quokkas
  A ball python (D:2)
  A frilled lizard (D:2)
  4 rats
62 creatures vanquished.

Notes
Turn   | Place    | Note
-------+----------+-------------------------------------------
     0 | D:5      | Esekla the Octopode Delver began the quest for the Orb.
     0 | D:5      | Reached XP level 1. HP: 16/16 MP: 1/1
     8 | D:5      | Noticed an iguana
   113 | D:5      | Noticed a hound
   114 | D:5      | Found an opulent altar of Gozag.
   118 | D:5      | Killed a hound
   119 | D:5      | Reached skill level 7 in Stealth
   119 | D:5      | Reached XP level 2. HP: 21/21 MP: 2/2
   119 | D:5      | Reached XP level 3. HP: 26/26 MP: 3/3
   133 | D:5      | Became a worshipper of Gozag Ym Sagoz the Greedy
   395 | D:2      | Reached skill level 1 in Spellcasting
   395 | D:2      | Reached XP level 4. HP: 27/31 MP: 5/5
   898 | D:1      | Found a faded altar of an unknown god.
  1885 | D:3      | Noticed a phantom
  2051 | D:3      | Reached XP level 5. HP: 36/36 MP: 6/6
  2055 | D:3      | Found a hazy altar of Hepliaklqana.
  2195 | D:3      | Found a snail-covered altar of Cheibriados.
  2353 | D:4      | Reached skill level 8 in Stealth
  2455 | D:4      | Noticed a black bear
  2499 | D:4      | Reached XP level 6. HP: 36/43 MP: 8/8
  2537 | D:4      | Killed a black bear
  2851 | D:5      | Learned a level 1 spell: Apportation
  2962 | D:5      | Noticed a steam dragon
  3066 | D:5      | Shot with an arrow by a centaur

Illustrated notes

Levels and vault maps discovered:
D:1:      dpeg_arrival_rooms_c, layout_rooms,
          hellmonk_ecumenical_altar_inner_sanctum
D:2:      layout_basic
D:3:      layout_loops_cross, mainiacjoe_overflow_alcove_4, marbit_many_paths,
          minmay_misc_feat_pillars
D:4:      layout_cave_pools, chequers_decorated_corner
D:5:      kennysheep_steamy, layout_basic,
          nicolae_gozag_cash_rules_everything_around_me, grunt_ministairs_13

Skill      XL: |  1  2  3  4  5  6 |
---------------+-------------------+-----
Stealth        | 7 8 |  8.6
Spellcasting   | 1 2 |  2.0
Long Blades    | 3 |  3.2
Dodging        | 3 |  3.3
Fighting       | |  3.9
Short Blades   | |  0.8

Action                     |  1- 3 |  4- 6 || total
---------------------------+-------+-------++-------
  Melee: Falchion          |    24 |    59 ||    83
         Tentacles         |     6 |    17 ||    23
         Dagger            |     6 |    29 ||    35
         Constrict         |     6 |    16 ||    22
         Punch             |       |     1 ||     1
    Use: Scroll            |     1 |     2 ||     3
         Potion            |       |     1 ||     1
   Stab: Sleeping          |     4 |    20 ||    24
         Distracted        |       |     3 ||     3
 Armour: Skin              |     1 |     6 ||     7
  Dodge: Dodged            |    15 |    52 ||    67

Table legend: (Time is in decaauts)
 A = Elapsed time spent in this place.
 B = Non-inter-level travel time spent in this place.
 C = Inter-level travel time spent in this place.
 D = Time resting spent in this place.
 E = Time spent auto-exploring this place.
 F = Levels seen in this place.
 G = Mean time per level.
                   A        B        C        D        E       F      G
               +--------+--------+--------+--------+--------+-----+--------+
         Total |   3046 |   2849 |    197 |    267 |    918 |   5 |  609.2 |
       Dungeon |   3046 |   2849 |    197 |    267 |    918 |   5 |  609.2 |
               +--------+--------+--------+--------+--------+-----+--------+

Top non-repeatable levels by time:
     D:2: 793 daAuts
     D:4: 666 daAuts
     D:3: 657 daAuts
     D:1: 532 daAuts
     D:5: 395 daAuts
